 Dungeon Crawl Stone Soup version 0.21.1-1-g345015f (webtiles) character file.

178 Matador8 the Poker (level 5, -4/38 HPs)
             Began as a Merfolk Skald on Apr 18, 2018.
             Was a Believer of Nemelex Xobeh.
             Slain by a phantom (9 damage)
             ... on level 3 of the Dungeon.
             The game lasted 00:18:32 (3268 turns).

Matador8 the Poker (Merfolk Skald)                  Turns: 3268, Time: 00:18:33

Health: -4/38      AC:  3    Str: 11    XL:     5   Next: 58%
Magic:  4/8        EV: 12    Int: 13    God:    Nemelex Xobeh [**....]
Gold:   126        SH:  0    Dex: 14    Spells: 2/8 levels left

rFire    . . .     SeeInvis .   a - +0 spear
rCold    . . .     Gourm    .   (no shield)
rNeg     . . .     Faith    .   b - +0 leather armour
rPois    .         Spirit   .   (no helmet)
rElec    .         Reflect  .   (no cloak)
rCorr    .         Harm     .   (no gloves)
MR       .....                  (no boots)
Stlth    +.........             (no amulet)
HPRegen  0.12/turn              (no ring)
MPRegen  0.11/turn              (no ring)

@: infused (expiring)
A: change form in water, swift swim, stealthy swim
a: Renounce Religion


You were on level 3 of the Dungeon.
You worshipped Nemelex Xobeh.
Nemelex Xobeh was pleased with you.
You were very hungry.

You visited 1 branch of the dungeon, and saw 4 of its levels.

You collected 126 gold pieces.

Inventory:

Hand Weapons
 a - a +0 spear (weapon)
Armour
 b - a +0 leather armour (worn)
 h - a scarf of resistance
Jewellery
 f - an uncursed ring of protection from fire {unknown}
 o - an uncursed ring of wizardry {unknown}
 p - a +2 amulet of reflection {unknown}
Scrolls
 e - a scroll of remove curse {unknown}
 j - 2 scrolls of enchant weapon {unknown}
 l - 7 scrolls of identify {unknown}
 m - a scroll of blinking {unknown}
Potions
 g - a potion of curing
 k - a potion of degeneration {unknown}
 n - a potion of brilliance {unknown}
Books
 c - a book of Battle

   Spells                             Type                      Level
   a - Infusion                       Charms                       1
   b - Shroud of Golubria             Charms/Translocation         2
   c - Song of Slaying                Charms                       2
   d - Spectral Weapon                Hexes/Charms                 3
   e - Regeneration                   Charms/Necromancy            3
Miscellaneous
 i - a plain deck of summoning {drawn: 2}
Comestibles
 d - 3 rations


   Skills:
 - Level 2.1 Fighting
 * Level 5.4 Polearms
 - Level 0.6 Armour
 - Level 2.6 Dodging
 - Level 2.0 Spellcasting
 - Level 2.1 Hexes
 + Level 4.0 Charms
 + Level 2.6 Invocations


You had 2 spell levels left.
You knew the following spells:

 Your Spells              Type           Power        Failure   Level  Hunger
a - Infusion              Chrm           ##..         6%          1    ##.....
b - Shroud of Golubria    Chrm/Tloc      #.........   22%         2    ###....
c - Spectral Weapon       Hex/Chrm       #.......     28%         3    ####...


Dungeon Overview and Level Annotations

Branches:
Dungeon (4/15)
 Temple: D:4-7

Altars:
Ashenzari
Fedhas
Hepliaklqana
Nemelex Xobeh
Okawaru
Trog
Xom
Yredelemnul

Annotations:
D:2 Sigmund
D:3 AdmiralAndromeda's ghost, amateur BaCj


Message History

The phantom hits you.
* * * LOW HITPOINT WARNING * * *
You hit the phantom.
The phantom is almost destroyed.
The phantom barely misses you.
You completely miss the phantom.
The phantom is almost destroyed.
The phantom blinks!
The phantom blinks!
Your magical infusion is running out.
Attack whom?
Press: ? - help, Dir - move target cursor, f/p - phantom
Aim: a phantom (almost destroyed)
You reach to attack!
You closely miss the phantom.
The phantom is almost destroyed.
You hit the phantom.
The phantom is almost destroyed.
The phantom hits you!
You die...
Your body disappears without a glow.

#..P.P....##.......#
#..........#?......#
#....)...#.#.......#
#####........#.#$......#
#............#.........#
#.#.#........##.........
.............##.%.....#
###+##.####### #......#
#.# #@W....# +.#
#......# [# #......#
#.#+#### #.# #.# #.# #.#


You could see a phantom.

Vanquished Creatures
  4 adders
  An ooze (D:2)
  An adder zombie (D:2)
  A worm (D:2)
  2 dart slugs
  6 leopard geckos
  An orc (D:4)
  2 ball pythons (D:3)
  A bat zombie (D:2)
  A giant cockroach (D:1)
  8 goblins
  11 hobgoblins
  4 jackals (D:2)
  8 kobolds
  2 quokkas
  4 bats
  5 frilled lizards
  2 giant cockroach zombies (D:2)
  A jackal skeleton (D:2)
  A jackal zombie (D:2)
  A quokka zombie (D:2)
  7 rats
74 creatures vanquished.

Vanquished Creatures (collateral kills)
  A scorpion (D:4)
  A worker ant (D:4)
  An adder skeleton (D:4)
  A worm (D:4)
  2 jackals (D:4)
6 creatures vanquished.

Grand Total: 80 creatures vanquished

Notes
Turn   | Place    | Note
-------+----------+-------------------------------------------
     0 | D:1      | Matador8 the Merfolk Skald began the quest for the Orb.
     0 | D:1      | Reached XP level 1. HP: 16/16 MP: 3/3
   113 | D:1      | Reached XP level 2. HP: 17/22 MP: 5/5
   357 | D:1      | Found a sparkling altar of Nemelex Xobeh.
   363 | D:1      | Became a worshipper of Nemelex Xobeh the Trickster
   367 | D:1      | Learned a level 2 spell: Shroud of Golubria
   423 | D:1      | Received a gift from Nemelex Xobeh
   774 | D:1      | Reached skill level 4 in Polearms
   800 | D:1      | Reached XP level 3. HP: 19/27 MP: 6/6
   805 | D:1      | Learned a level 3 spell: Spectral Weapon
   980 | D:1      | Reached skill level 1 in Invocations
  1216 | D:2      | Reached * piety under Nemelex Xobeh
  1223 | D:2      | Found a blossoming altar of Fedhas.
  1305 | D:2      | Found an iron altar of Okawaru.
  1337 | D:2      | Reached XP level 4. HP: 24/33 MP: 0/7
  1432 | D:2      | Reached skill level 1 in Hexes
  1790 | D:2      | Received a gift from Nemelex Xobeh
  2030 | D:2      | Found a shimmering altar of Xom.
  2036 | D:2      | Found a shattered altar of Ashenzari.
  2036 | D:2      | Found an iron altar of Okawaru.
  2040 | D:2      | Found a hazy altar of Hepliaklqana.
  2040 | D:2      | Found a blossoming altar of Fedhas.
  2040 | D:2      | Found a sparkling altar of Nemelex Xobeh.
  2106 | D:2      | Noticed Sigmund
  2210 | D:3      | Found a basalt altar of Yredelemnul.
  2550 | D:3      | Noticed AdmiralAndromeda's ghost (amateur BaCj)
  2644 | D:3      | Reached skill level 5 in Polearms
  2644 | D:3      | Reached XP level 5. HP: 31/38 MP: 3/8
  2690 | D:3      | Noticed an ice beast
  2829 | D:4      | Found a bloodstained altar of Trog.
  3047 | D:3      | Reached ** piety under Nemelex Xobeh
  3047 | D:3      | Noticed a phantom
  3268 | D:3      | Slain by a phantom

Skill      XL: |  1  2  3  4  5 |
---------------+----------------+-----
Polearms       | 4 5 |  5.4
Charms         | 4 |  4.0
Invocations    | 1 2 |  2.6
Hexes          | 1 2 |  2.1
Fighting       | |  2.1
Armour         | |  0.6
Dodging        | |  2.6
Spellcasting   | |  2.0

Action                   |  1- 3 |  4- 6 || total
-------------------------+-------+-------++-------
Melee: Spear             |   154 |   201 ||   355
 Cast: Infusion          |     7 |     7 ||    14
Evoke: Deck              |       |     2 ||     2
  Use: Potion            |       |     1 ||     1
 Stab: Sleeping          |     3 |     1 ||     4
  Eat: Chunk             |     2 |     5 ||     7
Armor: Leather armour    |    32 |    23 ||    55
Dodge: Dodged            |    78 |    84 ||   162
